[ AOE2 MATCH · #474621033 ]
UnrankedMongols vs None
Player's team · LOSS
Rival team · WIN
[ REPLAY ANALYSIS · EXTRACTED FROM THE RECORDED GAME ]
Feudal
—
Castle
—
Imperial
—
| APM avg | 19.2 |
| APM peak | 38 |
| eAPM avg | 2.1 |
| Villagers / military | 0 / 0 |
Feudal
—
Castle
—
Imperial
—
| APM avg | 24.6 |
| APM peak | 49 |
| eAPM avg | 8.5 |
| Villagers / military | 0 / 0 |
Focus
⚔️ 98.9% · 🌾 1.1%
Feudal
—
Castle
—
Imperial
—
| APM avg | 45.8 |
| APM peak | 88 |
| eAPM avg | 14.6 |
| Villagers / military | 0 / 226 |
Focus
⚔️ 93.5% · 🌾 6.5%
Knight ×226
Feudal
—
Castle
—
Imperial
—
| APM avg | 11.0 |
| APM peak | 26 |
| eAPM avg | 5.3 |
| Villagers / military | 0 / 0 |
Focus
⚔️ 100.0% · 🌾 0.0%
Feudal
—
Castle
—
Imperial
—
| APM avg | 9.7 |
| APM peak | 18 |
| eAPM avg | 5.0 |
| Villagers / military | 0 / 0 |
Focus
⚔️ 100.0% · 🌾 0.0%
Feudal
—
Castle
—
Imperial
—
| APM avg | 11.4 |
| APM peak | 20 |
| eAPM avg | 6.7 |
| Villagers / military | 0 / 0 |
Focus
⚔️ 100.0% · 🌾 0.0%
Feudal
—
Castle
—
Imperial
—
| APM avg | 15.4 |
| APM peak | 40 |
| eAPM avg | 5.9 |
| Villagers / military | 0 / 0 |
Focus
⚔️ 100.0% · 🌾 0.0%
Feudal
—
Castle
—
Imperial
—
| APM avg | 33.8 |
| APM peak | 58 |
| eAPM avg | 8.1 |
| Villagers / military | 0 / 0 |
Focus
⚔️ 100.0% · 🌾 0.0%
Match map
Initial resources + every placement click. Lines = walls · curves = elevation contours. ◆ gold · ⬟ stone · ● berries · ✦ relic · ◌ wall gap
Your base· Open
Aster's base· Open
Relyks6's base· Open
Papistian1621's base· ✓ Map-separated
Vic Nice's base· Open
Dozenth's base· ✓ Map-separated
Silklips's base· Open
CalmG's base· Open
Smoothed initial terrain · ◌ = detected wall gap · hover for details
Inputs per minute
— Aquay1315 - - Aster
Build order — Aquay1315
0 actions detected in the replay
Build order — Aster
12 actions detected in the replay
| 8:02 | Research | Leather Archer Armor |
| 8:03 | Research | Bodkin Arrow |
| 8:04 | Research | Iron Casting |
| 8:04 | Research | Chain Barding Armor |
| 8:05 | Research | Chain Mail Armor |
| 8:06 | Research | Chain Mail Armor |
| 8:08 | Research | Ballistics |
| 8:09 | Research | Treadmill Crane |
| 8:10 | Research | Guard Tower (upgrade) |
| 8:11 | Research | Tech 909 |
| 8:11 | Research | Tech 908 |
| 8:12 | Research | Careening |
Build order — Relyks6
83 actions detected in the replay
| 6:10 | Build | Stable |
| 6:12 | Build | Stable |
| 6:16 | Build | Stable |
| 6:17 | Build | Stable |
| 7:03 | Build | Stable |
| 7:04 | Build | Stable |
| 7:05 | Build | Stable |
| 7:07 | Build | Stable |
| 7:08 | Build | Stable |
| 7:14 | Build | Stable |
| 7:16 | Build | Stable |
| 7:18 | Build | Stable |
| 7:19 | Build | Stable |
| 7:20 | Build | Stable |
| 7:44 | Build | Stable |
| 7:45 | Build | Stable |
| 7:47 | Build | Stable |
| 7:49 | Build | Stable |
| 8:54 | Research | Husbandry |
| 8:54 | Create | Knight ×5 |
| 8:55 | Create | Knight ×5 |
| 8:55 | Create | Knight ×5 |
| 8:55 | Create | Knight ×5 |
| 8:56 | Create | Knight ×5 |
| 8:59 | Research | Chain Mail Armor |
| 8:59 | Research | Iron Casting |
| 9:00 | Research | Chain Barding Armor |
| 9:00 | Research | Bodkin Arrow |
| 9:01 | Research | Leather Archer Armor |
| 9:03 | Research | Ballistics |
| 9:04 | Research | Guard Tower (upgrade) |
| 9:05 | Research | Treadmill Crane |
| 9:06 | Research | Careening |
| 9:07 | Research | Tech 908 |
| 9:09 | Research | Stronghold |
| 9:14 | Create | Knight ×5 |
| 9:14 | Create | Knight ×5 |
| 9:15 | Create | Knight ×5 |
| 9:15 | Create | Knight ×5 |
| 9:15 | Create | Knight ×5 |
| 9:16 | Create | Knight ×5 |
| 9:48 | Create | Knight ×5 |
| 9:48 | Create | Knight ×5 |
| 9:48 | Create | Knight ×5 |
| 9:49 | Create | Knight ×5 |
| 10:08 | Create | Knight ×5 |
| 10:08 | Create | Knight ×5 |
| 10:08 | Create | Knight ×5 |
| 10:08 | Create | Knight ×5 |
| 10:11 | Create | Knight ×5 |
| 10:11 | Create | Knight ×5 |
| 10:12 | Create | Knight ×5 |
| 10:12 | Create | Knight ×5 |
| 10:12 | Create | Knight ×3 |
| 10:43 | Create | Knight ×5 |
| 10:43 | Create | Knight ×5 |
| 10:43 | Create | Knight ×5 |
| 10:44 | Create | Knight ×5 |
| 11:04 | Create | Knight ×5 |
| 11:05 | Create | Knight ×5 |
| 11:05 | Create | Knight ×5 |
| 11:05 | Create | Knight ×5 |
| 11:06 | Create | Knight ×5 |
| 11:06 | Create | Knight ×3 |
| 11:08 | Create | Knight |
| 11:29 | Create | Knight ×5 |
| 11:30 | Create | Knight ×5 |
| 11:30 | Create | Knight ×5 |
| 11:30 | Create | Knight ×5 |
| 11:31 | Create | Knight ×5 |
| 11:31 | Create | Knight ×2 |
| 11:42 | Create | Knight ×2 |
| 11:43 | Create | Knight ×2 |
| 11:43 | Create | Knight |
| 11:44 | Create | Knight |
| 11:44 | Create | Knight |
| 11:48 | Create | Knight |
| 11:53 | Create | Knight ×5 |
| 11:54 | Create | Knight ×5 |
| 11:54 | Create | Knight ×5 |
| 11:54 | Create | Knight ×5 |
| 11:55 | Create | Knight ×3 |
| 11:56 | Create | Knight |
Build order — Papistian1621
0 actions detected in the replay
Build order — Vic Nice
20 actions detected in the replay
| 9:34 | Build | Barracks |
| 9:36 | Build | Barracks |
| 9:37 | Build | Barracks |
| 9:38 | Build | Barracks |
| 9:41 | Build | Barracks |
| 9:43 | Build | Barracks |
| 9:46 | Build | Barracks |
| 9:47 | Build | Barracks |
| 9:55 | Build | Archery Range |
| 9:57 | Build | Archery Range |
| 9:58 | Build | Archery Range |
| 10:00 | Build | Archery Range |
| 10:01 | Build | Archery Range |
| 10:04 | Build | Archery Range |
| 10:05 | Build | Archery Range |
| 10:07 | Build | Archery Range |
| 10:10 | Build | Archery Range |
| 10:11 | Build | Archery Range |
| 11:53 | Research | Arson |
| 12:02 | Research | Tech 1402 |
Build order — Dozenth
0 actions detected in the replay
Build order — Silklips
0 actions detected in the replay
Build order — CalmG
0 actions detected in the replay
Match timeline
| 6:10 | Relyks6 · first_building Stable |
| 9:34 | Vic Nice · first_building Barracks |
| 9:55 | Vic Nice · first_building Archery Range |
| 11:18 | Dozenth · resign |
[ AI ANALYSIS · 1 CREDIT ]
What really happened in this match?
Wolo.gg analyzes every decision: build order, eco, micro, common mistakes by bracket. Personalized analysis on WhatsApp or Discord in 30 seconds.
Civ guide
Mongols
Perfil
Jugador #10034587